 Dungeon Crawl Stone Soup version 0.31-a0-152-g6aa68a64a1 (webtiles) character file.

Game seed: 4341933791478876274

1493 qw the Skirmisher (level 8, -3/66 (74) HPs)
             Began as a Naga Hunter on June 10, 2023.
             Was a Follower of Okawaru.
             Slain by a wight
             ... wielding a +0 halberd
              (4 damage)
             ... on level 6 of the Dungeon.
             The game lasted 00:01:54 (4950 turns).

qw the Skirmisher (Naga Hunter)                     Turns: 4950, Time: 00:01:54

HP:   -3/66 (74)    AC:  6    Str: 13    XL:     8   Next: 81%
MP:   10/11         EV: 18    Int: 10    God:    Okawaru [*.....]
Gold: 328           SH:  0    Dex: 17    Spells: 7/7 levels left

rFire   + . .        Y - +0 shortbow (drain)
rCold   . . .        (shield currently unavailable)
rNeg    . . .        c - +0 leather armour
rPois   +            d - +0 helmet
rElec   .            (no cloak)
rCorr   .            (no gloves)
SInv    +            (no barding)
Will    +....        l - amulet of regeneration
Stlth   +++          a - ring of protection from fire
HPRegen 1.11/turn    h - +5 ring of evasion
MPRegen 0.12/turn

%: no passive effects
@: about to teleport, short of breath, heroic, heavily drained, very slow
A: AC +2, large, see invisible, deformed body, poison resistance, slowness 2,
spit poison 1, naga tail 1
a: Spit Poison, Renounce Religion, Heroism


You were on level 6 of the Dungeon.
You worshipped Okawaru.
Okawaru was aware of your devotion.
You visited 1 branch of the dungeon, and saw 6 of its levels.

You collected 328 gold pieces.


Innate Abilities, Weirdness & Mutations

Your serpentine skin is tough. (AC +2)
You have supernaturally acute eyesight. (SInv)
Armour fits poorly on your strangely shaped body.
Your system is resistant to poisons. (rPois)
You cover ground very slowly.
You can spit poison.
You have a snake-like lower body.


   Skills:
 - Level 5.1(10.1) Fighting
 + Level 8.6(13.6) Ranged Weapons
 - Level 2.1(7.1) Dodging
 - Level 1.5(6.5) Stealth
 - Level 4.0 Invocations


You had 7 spell levels left.
You didn't know any spells.
Your spell library was empty.

Inventory:

Hand Weapons
 Y - a +0 shortbow of draining (weapon)
Armour
 c - a +0 leather armour (worn)
 d - a +0 helmet (worn)
 q - a +3 leather armour of fire resistance
Jewellery
 a - a ring of protection from fire (left hand)
 b - a ring of ice
 e - a ring of resist corrosion
 h - a +5 ring of evasion (right hand)
 l - an amulet of regeneration (around neck)
Scrolls
 f - 5 scrolls of teleportation
 i - a scroll of identify
 p - a scroll of fog {unknown}
Potions
 g - a potion of resistance
 j - a potion of curing
 k - a potion of enlightenment {unknown}
 m - a potion of haste {unknown}
 n - a potion of invisibility {unknown}
 o - a potion of berserk rage {unknown}

Dungeon Overview and Level Annotations

Branches:
Dungeon (6/15)             Temple (0/1) D:5

Altars:
Cheibriados
Nemelex Xobeh
Okawaru
Uskayaw
The Shining One

Shops:
D:2 (

Annotations:
D:5 1 runed translucent door, qw's ghost, novice MiHu


Message History

A wight comes into view. It is wielding a +0 falchion.
You shoot an arrow.
The arrow hits the wight but does no damage.
The wight is almost destroyed.
The wight hits you with a +0 short sword!
The wight misses you.
You shoot an arrow.
The arrow hits the wight but does no damage.
The wight is almost destroyed.
The wight hits you with a +0 short sword.
The wight barely misses you. The wight misses you.
You shoot an arrow. The arrow hits the wight.
You destroy the wight!
Okawaru accepts your kill.
Your life force feels restored.
You shoot an arrow. The arrow hits the wight.
The wight is moderately damaged.
The wight misses you.
You shoot an arrow.
The arrow hits the wight but does no damage.
The wight is moderately damaged.
The wight hits you from afar with a +0 halberd!
You feel drained. The wight misses you. x2
4949 ||| INVOKING Spit Poison.
Aiming: Spit Poison (1% risk of failure)
Press: ? - help, Shift-Dir - straight line, f - black bear, p - wight The splash of poison hits the black bear!
The black bear is moderately wounded.
The wight misses you. The wight hits you with a +0 battleaxe!
You feel drained. The black bear bites you.
The black bear claws you but does no damage.
The black bear misses you.
The wight hits you with a +0 dire flail!
You feel drained.
4950 ||| READING 6 scrolls of teleportation.
As you read the scroll of teleportation, it crumbles to dust.
You feel strangely unstable.
The wight hits you from afar with a +0 halberd!
You feel drained.
You die...

#.....# #.#...#:#.
#.###.######...#.#.#.
#.# #..........#.....
#.# #####>...........
#.# #....#<....#. #.#
######..#.....#. #.#
.....#.....##'#.
#.###h....#.###.#....
#...@z....#.....#....
#.###zz...#.#####...#
### .z..?#.# #....
$....#+# #.(.#
#+###). ....### )
.... ..... ....


You could see a black bear and 4 wights.

Vanquished Creatures
  Eustachio (D:6)
  2 ice beasts
  A black bear (D:4)
  2 phantoms (D:5)
  3 scorpions (D:5)
  A wight (D:6)
  2 howler monkeys
  3 hounds
  An orc priest (D:5)
  A jelly (D:5)
  5 iguanas
  7 orc wizards
  5 adders
  3 gnolls (D:2)
  An ufetubus (D:4)
  A dart slug (D:2)
  A worm (D:4)
  12 orcs
  8 ball pythons
  6 endoplasms
  5 giant cockroaches
  7 goblins
  7 hobgoblins
  3 jackals (D:3)
  5 quokkas
  7 bats
  4 frilled lizards
  4 kobolds
  6 rats
114 creatures vanquished.

Notes
Turn   | Place    | Note
-------+----------+-------------------------------------------
     0 | D:1      | qw the Naga Hunter began the quest for the Orb.
     0 | D:1      | Reached XP level 1. HP: 19/19 MP: 1/1
     0 | D:1      | 0 ||| qw: Version: 0.2-a-122-gbc61b45
     0 | D:1      | 0 ||| qw: Game counter: 3544
     0 | D:1      | 0 ||| qw: Always use a shield: true
     0 | D:1      | 0 ||| qw: God list: Okawaru
     0 | D:1      | 0 ||| qw: Allow faded altars: false
     0 | D:1      | 0 ||| qw: Do Orc after D:15 true
     0 | D:1      | 0 ||| qw: Do second Lair branch before Depths: true
     0 | D:1      | 0 ||| qw: Lair rune preference: random
     0 | D:1      | 0 ||| qw: Plans: Normal
     0 | D:1      | 0 ||| PLANNING D:1-11
    12 | D:1      | 12 ||| INVOKING Spit Poison.
    21 | D:1      | 21 ||| INVOKING Spit Poison.
    82 | D:1      | 82 ||| INVOKING Spit Poison.
    86 | D:1      | 86 ||| INVOKING Spit Poison.
   143 | D:1      | 143 ||| INVOKING Spit Poison.
   148 | D:1      | 148 ||| INVOKING Spit Poison.
   152 | D:1      | Reached skill level 4 in Ranged Weapons
   152 | D:1      | Reached XP level 2. HP: 17/26 MP: 2/2
   154 | D:1      | 154 ||| INVOKING Spit Poison.
   197 | D:1      | 197 ||| INVOKING Spit Poison.
   198 | D:1      | 198 ||| INVOKING Spit Poison.
   226 | D:1      | 226 ||| INVOKING Spit Poison.
   230 | D:1      | 230 ||| INVOKING Spit Poison.
   302 | D:1      | 302 ||| INVOKING Spit Poison.
   306 | D:1      | 306 ||| INVOKING Spit Poison.
   320 | D:1      | 320 ||| INVOKING Spit Poison.
   372 | D:1      | 372 ||| INVOKING Spit Poison.
   378 | D:1      | 378 ||| INVOKING Spit Poison.
   402 | D:1      | 402 ||| INVOKING Spit Poison.
   403 | D:1      | 403 ||| INVOKING Spit Poison.
   408 | D:1      | 408 ||| INVOKING Spit Poison.
   433 | D:1      | 433 ||| INVOKING Spit Poison.
   497 | D:1      | 497 ||| INVOKING Spit Poison.
   512 | D:1      | 512 ||| INVOKING Spit Poison.
   527 | D:1      | 527 ||| INVOKING Spit Poison.
   528 | D:1      | Reached XP level 3. HP: 32/32 MP: 3/3
   543 | D:1      | 543 ||| INVOKING Spit Poison.
   735 | D:1      | 735 ||| INVOKING Spit Poison.
   736 | D:1      | 736 ||| READING scroll labelled MELETT JOLOME.
   837 | D:1      | 837 ||| READING scroll labelled APLIHE ZUUMEDD.
   838 | D:1      | 838 ||| READING scroll labelled ORUREU QUTSOKI.
   839 | D:1      | 839 ||| READING scroll labelled SAWAFI GUBLAGA.
   840 | D:1      | 840 ||| DROPPING scroll of butterflies.
   854 | D:2      | 854 ||| INVOKING Spit Poison.
   858 | D:2      | 858 ||| INVOKING Spit Poison.
   860 | D:2      | HP: 4/32 [iguana (12)]
  1047 | D:2      | 1047 ||| INVOKING Spit Poison.
  1087 | D:2      | 1087 ||| INVOKING Spit Poison.
  1089 | D:2      | Reached skill level 5 in Ranged Weapons
  1089 | D:2      | Reached XP level 4. HP: 39/39 MP: 4/4
  1089 | D:2      | Found a snail-covered altar of Cheibriados.
  1103 | D:2      | 1103 ||| INVOKING Spit Poison.
  1148 | D:2      | 1148 ||| INVOKING Spit Poison.
  1153 | D:2      | 1153 ||| INVOKING Spit Poison.
  1156 | D:2      | 1156 ||| INVOKING Spit Poison.
  1238 | D:2      | 1238 ||| INVOKING Spit Poison.
  1272 | D:2      | 1272 ||| INVOKING Spit Poison.
  1330 | D:2      | 1330 ||| INVOKING Spit Poison.
  1340 | D:2      | 1340 ||| INVOKING Spit Poison.
  1349 | D:2      | Reached skill level 3 in Fighting
  1365 | D:2      | Found Ejilesh's Antique Weapon Emporium.
  1396 | D:2      | 1396 ||| INVOKING Spit Poison.
  1401 | D:2      | 1401 ||| INVOKING Spit Poison.
  1487 | D:2      | 1487 ||| INVOKING Spit Poison.
  1693 | D:2      | 1693 ||| INVOKING Spit Poison.
  1701 | D:2      | 1701 ||| UPGRADING to +0 helmet.
  1706 | D:2      | 1706 ||| UPGRADING to ring of protection from fire.
  1707 | D:2      | 1707 ||| UPGRADING to +5 ring of evasion.
  1708 | D:2      | 1708 ||| READING 2 scrolls labelled UTAV AROGE.
  1711 | D:2      | 1711 ||| READING scroll labelled HEOL KOXOAXE.
  1729 | D:3      | Found a faded altar of an unknown god.
  1811 | D:3      | 1811 ||| INVOKING Spit Poison.
  1900 | D:3      | 1900 ||| INVOKING Spit Poison.
  1934 | D:3      | 1934 ||| INVOKING Spit Poison.
  1938 | D:3      | Reached XP level 5. HP: 44/49 MP: 5/5
  1938 | D:3      | 1938 ||| INVOKING Spit Poison.
  1983 | D:3      | 1983 ||| INVOKING Spit Poison.
  2061 | D:3      | Found a sparkling altar of Nemelex Xobeh.
  2125 | D:3      | 2125 ||| INVOKING Spit Poison.
  2129 | D:3      | 2129 ||| INVOKING Spit Poison.
  2618 | D:3      | 2618 ||| INVOKING Spit Poison.
  2738 | D:3      | 2738 ||| UPGRADING to amulet of regeneration.
  2743 | D:3      | 2743 ||| DROPPING ring of magical power.
  2744 | D:3      | 2744 ||| READING scroll labelled XUL WERERICS.
  2745 | D:3      | 2745 ||| READING 2 scrolls of identify.
  2745 | D:3      | 2745 ||| IDENTIFYING glowing pink potion
  2746 | D:3      | 2746 ||| DROPPING potion of brilliance.
  2809 | D:4      | 2809 ||| INVOKING Spit Poison.
  2832 | D:4      | 2832 ||| INVOKING Spit Poison.
  2835 | D:4      | 2835 ||| INVOKING Spit Poison.
  2856 | D:4      | 2856 ||| INVOKING Spit Poison.
  2861 | D:4      | 2861 ||| INVOKING Spit Poison.
  2866 | D:4      | 2866 ||| INVOKING Spit Poison.
  2880 | D:4      | Noticed a black bear
  2881 | D:4      | 2881 ||| INVOKING Spit Poison.
  2887 | D:4      | 2887 ||| INVOKING Spit Poison.
  2894 | D:4      | 2894 ||| INVOKING Spit Poison.
  2895 | D:4      | Killed a black bear
  2896 | D:4      | Reached skill level 6 in Ranged Weapons
  2896 | D:4      | Reached XP level 6. HP: 31/56 MP: 6/6
  2945 | D:4      | 2945 ||| INVOKING Spit Poison.
  2946 | D:4      | 2946 ||| INVOKING Spit Poison.
  2960 | D:4      | Found an iron altar of Okawaru.
  2961 | D:4      | 2961 ||| PLANNING OKAWARU WORSHIP
  2968 | D:4      | Became a worshipper of Warmaster Okawaru
  2968 | D:4      | 2968 ||| PLANNING D:1-11
  2982 | D:4      | 2982 ||| INVOKING Spit Poison.
  2988 | D:4      | 2988 ||| INVOKING Spit Poison.
  3027 | D:4      | 3027 ||| INVOKING Spit Poison.
  3114 | D:4      | 3114 ||| INVOKING Spit Poison.
  3121 | D:4      | 3121 ||| INVOKING Spit Poison.
  3122 | D:4      | 3122 ||| Stepping ~*~*~tactically~*~*~ (outnumbered).
  3125 | D:4      | 3125 ||| INVOKING Spit Poison.
  3132 | D:4      | 3132 ||| INVOKING Spit Poison.
  3136 | D:4      | 3136 ||| INVOKING Spit Poison.
  3196 | D:4      | 3196 ||| INVOKING Spit Poison.
  3270 | D:4      | Found a hide-covered altar of Uskayaw.
  3415 | D:4      | 3415 ||| INVOKING Spit Poison.
  3524 | D:4      | 3524 ||| INVOKING Spit Poison.
  3533 | D:4      | 3533 ||| READING 2 scrolls labelled FED NIMOUZ.
  3534 | D:4      | 3534 ||| READING scroll labelled IJOYWI CUFISH.
  3535 | D:4      | 3535 ||| READING 2 scrolls labelled QYXOSA VYGY.
  3536 | D:4      | 3536 ||| DRINKING 2 viscous emerald potions.
  3537 | D:4      | 3537 ||| DRINKING 2 grey potions.
  3546 | D:4      | 3546 ||| DROPPING potion of degeneration.
  3547 | D:4      | 3547 ||| DROPPING potion of ambrosia.
  3548 | D:4      | 3548 ||| DROPPING scroll of immolation.
  3549 | D:4      | 3549 ||| DROPPING scroll of vulnerability.
  3578 | D:5      | Entered Level 5 of the Dungeon
  3628 | D:5      | Found a staircase to the Ecumenical Temple.
  3630 | D:5      | 3630 ||| INVOKING Spit Poison.
  3640 | D:5      | 3640 ||| INVOKING Spit Poison.
  3643 | D:5      | Reached XP level 7. HP: 64/64 MP: 7/7
  3663 | D:5      | Reached * piety under Okawaru
  3852 | D:5      | 3852 ||| INVOKING Spit Poison.
  3856 | D:5      | Reached skill level 7 in Ranged Weapons
  3856 | D:5      | Reached skill level 1 in Invocations
  3869 | D:5      | 3869 ||| INVOKING Spit Poison.
  3872 | D:5      | 3872 ||| INVOKING Spit Poison.
  3932 | D:5      | 3932 ||| INVOKING Spit Poison.
  3937 | D:5      | 3937 ||| INVOKING Spit Poison.
  3940 | D:5      | 3940 ||| INVOKING Spit Poison.
  3956 | D:5      | 3956 ||| INVOKING Spit Poison.
  3966 | D:5      | Found a runed translucent door.
  3969 | D:5      | Noticed qw's ghost (novice MiHu)
  3990 | D:5      | 3990 ||| INVOKING Spit Poison.
  4068 | D:5      | 4068 ||| INVOKING Spit Poison.
  4119 | D:5      | Reached skill level 3 in Invocations
  4210 | D:5      | Reached XP level 8. HP: 71/72 MP: 10/10
  4273 | D:5      | 4273 ||| INVOKING Heroism.
  4359 | D:5      | 4359 ||| INVOKING Spit Poison.
  4363 | D:5      | 4363 ||| INVOKING Heroism.
  4364 | D:5      | 4364 ||| INVOKING Spit Poison.
  4370 | D:5      | 4370 ||| INVOKING Spit Poison.
  4539 | D:5      | 4539 ||| DRINKING 2 inky potions.
  4540 | D:5      | 4540 ||| DRINKING 2 silvery potions.
  4576 | D:6      | Found a snail-covered altar of Cheibriados.
  4648 | D:6      | Found a glowing golden altar of the Shining One.
  4700 | D:6      | 4700 ||| INVOKING Spit Poison.
  4703 | D:6      | 4703 ||| INVOKING Spit Poison.
  4706 | D:6      | 4706 ||| INVOKING Spit Poison.
  4733 | D:6      | 4733 ||| INVOKING Spit Poison.
  4736 | D:6      | 4736 ||| INVOKING Spit Poison.
  4757 | D:6      | 4757 ||| INVOKING Spit Poison.
  4759 | D:6      | Reached skill level 8 in Ranged Weapons
  4760 | D:6      | Noticed Eustachio
  4761 | D:6      | 4761 ||| INVOKING Heroism.
  4762 | D:6      | 4762 ||| INVOKING Spit Poison.
  4768 | D:6      | 4768 ||| INVOKING Spit Poison.
  4778 | D:6      | 4778 ||| INVOKING Spit Poison.
  4786 | D:6      | 4786 ||| INVOKING Spit Poison.
  4789 | D:6      | 4789 ||| INVOKING Heroism.
  4792 | D:6      | 4792 ||| INVOKING Spit Poison.
  4800 | D:6      | 4800 ||| INVOKING Spit Poison.
  4804 | D:6      | Killed Eustachio
  4870 | D:6      | 4870 ||| INVOKING Spit Poison.
  4917 | D:6      | 4917 ||| INVOKING Spit Poison.
  4936 | D:6      | 4936 ||| INVOKING Spit Poison.
  4940 | D:6      | 4940 ||| INVOKING Heroism.
  4949 | D:6      | 4949 ||| INVOKING Spit Poison.
  4949 | D:6      | HP: 12/70 [wight/+0 dire flail (9)]
  4950 | D:6      | 4950 ||| READING 6 scrolls of teleportation.
  4950 | D:6      | HP: 1/68 [wight/+0 halberd (9)]
  4950 | D:6      | Slain by a wight

Levels and vault maps discovered:
D:1:      tarquinn_simple_flora_water_d, layout_loops_cross,
          hangedman_decor_slide_cut
D:2:      layout_loops_ring, serial_shops, nicolae_shop_rolling_square,
          basic_altar, minmay_misc_feat_nine_boxes, nicolae_the_louvre
D:3:      layout_basic, nemelex_xobeh_ov_fountains_minmay,
          hellmonk_ecumenical_altar_run_dry, columned_hall_lemuel
D:4:      layout_basic, okawaru_metal_pillars_1_2, nicolae_uskayaw_suspiria,
          chequers_serial_rivers_room_b
D:5:      layout_basic, minmay_temple_entry_stoned_glass,
          hellmonk_ghost_happy_afterlife
D:6:      kennysheep_six_static_rooms, layout_basic,
          mainiacjoe_overflow_tiny_flanked, cheibriados_altar_1,
          dk_noncrumbling_3, uniq_eustachio

Skill      XL: |  1  2  3  4  5  6  7  8 |
---------------+-------------------------+-----
Ranged Weapons | 4 5 6 7 8 |  8.6
Fighting       | 3 4 5 |  5.1
Invocations    | 3 4 |  4.0
Dodging        | 2 |  2.1
Stealth        | |  1.5

Action                     |  1- 3 |  4- 6 |  7- 9 || total
---------------------------+-------+-------+-------++-------
   Fire: Shortbow          |    52 |   128 |   160 ||   340
 Invoke: Heroism           |       |       |     5 ||     5
Ability: Spit Poison       |    27 |    43 |    28 ||    98
    Use: Scroll            |     4 |     7 |     1 ||    12
         Potion            |       |     2 |     2 ||     4
 Armour: Leather armour    |    13 |    13 |    50 ||    76
  Dodge: Dodged            |    16 |    46 |   144 ||   206

Table legend:
 A = Non-vault XP
 B = Vault XP
 C = Vault XP percentage of total XP
 D = Non-vault monster count
 E = Vault monster count
 F = Vault count percentage of total count
                 A         B        C        D         E       F
            +---------+---------+-------+---------+---------+-------
      Total |    1681 |     453 |  21.2 |     108 |       6 |   5.3
            +---------+---------+-------+---------+---------+-------
        D:1 |      40 |       0 |   0.0 |      24 |       0 |   0.0
        D:2 |     109 |       0 |   0.0 |      24 |       0 |   0.0
        D:3 |      49 |       0 |   0.0 |      13 |       0 |   0.0
        D:4 |     364 |       0 |   0.0 |      21 |       0 |   0.0
        D:5 |     858 |       0 |   0.0 |      19 |       0 |   0.0
        D:6 |     261 |     453 |  63.4 |       7 |       6 |  46.2
            +---------+---------+-------+---------+---------+-------
